 Dungeon Crawl Stone Soup version 0.27-a0-1046-g98bf31544f (webtiles) character file.

Game seed: 5743678016088903309

1171 vjj the Digger (level 8, 0/43 HPs)
             Began as a Gargoyle Earth Elementalist on Apr 19, 2021.
             Killed from afar by a steam dragon (18 damage)
             ... with a ball of steam
             ... on level 6 of the Dungeon.
             The game lasted 00:11:11 (6009 turns).

vjj the Digger (Gargoyle Earth Elementalist)        Turns: 6009, Time: 00:11:12

Health: 0/43       AC:  8    Str: 13    XL:     8   Next: 41%
Magic:  7/16       EV: 20    Int: 17    God:
Gold:   140        SH:  0    Dex: 10    Spells: 8/17 levels left

rFire    . . .     SeeInvis .   u - +2 rapier (venom)
rCold    . . .     Faith    .   (no shield)
rNeg     + . .     Spirit   .   c - +1 robe
rPois    ∞         Reflect  .   (no helmet)
rElec    +         Harm     .   (no cloak)
rCorr    .         Rampage  .   (no gloves)
Will     .....                  (no boots)
Stlth    ++........             j - amulet of the acrobat
HPRegen  0.14/turn              f - +4 ring of evasion
MPRegen  0.15/turn              t - +4 ring of evasion

@: no status effects
A: AC +5, negative energy resistance 1, electricity resistance, torment
resistance 1, unbreathing 1, petrification resistance
a: no special abilities


You were on level 6 of the Dungeon.
You visited 1 branch of the dungeon, and saw 6 of its levels.

You collected 256 gold pieces.
You spent 116 gold pieces at shops.

Inventory:

Hand Weapons
 d - a +2 short sword of flaming
 o - the +1 trident of the Hidden Tusks {speed, rN+}
   (You took it off a hobgoblin on level 4 of the Dungeon)

   Attacks with this weapon are significantly faster.
   It protects you from negative energy.
 s - a +0 flail
 u - a +2 rapier of venom (weapon)
Missiles
 b - 202 stones
Armour
 c - a +1 robe (worn)
Magical Staves
 k - a staff of fire
Jewellery
 f - a +4 ring of evasion (left hand)
 j - an amulet of the acrobat (around neck)
 t - a +4 ring of evasion (right hand)
Scrolls
 m - 2 scrolls of enchant armour
Potions
 e - 2 potions of curing
 g - a potion of heal wounds
 h - 3 potions of haste
 i - a potion of attraction
 l - 2 potions of lignification
 n - a potion of degeneration {unknown}
 p - 2 potions of flight
 q - 2 potions of might
 r - 2 potions of berserk rage {unknown}


   Skills:
 + Level 1.0 Fighting
 + Level 0.7 Maces & Flails
 + Level 1.0 Armour
 + Level 1.8 Dodging
 - Level 2.1 Stealth
 + Level 5.4 Spellcasting
 + Level 5.3 Conjurations
 - Level 0.7 Transmutations
 + Level 7.5 Earth Magic
 + Level 0.6 Evocations


You had 8 spell levels left.
You knew the following spells:

 Your Spells              Type           Power      Damage    Failure   Level
a - Sandblast             Erth           60%        2d14      1%          1
b - Stone Arrow           Conj/Erth      52%        3d10      3%          3
c - Lee's Rapid Deconstr  Erth           15%        3d11*     17%         5

Your spell library contained the following spells:

 Spells                   Type           Power      Damage    Failure   Level
 Passwall                 Tmut/Erth      15%        N/A       3%          2
 Petrify                  Tmut/Erth      18%        N/A       24%         4


Dungeon Overview and Level Annotations

Branches:
Dungeon (6/15)
 Temple: D:4-7

Altars:
Zin

Shops:
D:4 =   D:6 [*


Innate Abilities, Weirdness & Mutations

Your stone body is resilient. (AC +5)
You are immune to poison.
You resist negative energy. (rN+)
You are resistant to electric shocks. (rElec)
You are resistant to unholy torment.
You can survive without breathing.
You are immune to petrification.


Message History

The steam dragon breathes steam at you. The ball of steam misses you.
No target in view!
You are engulfed in a cloud of scalding steam.
Casting: Stone Arrow (dangerous; 3% risk of failure)
Confirm with . or Enter, or press ? or * to list all spells.
You can't see any susceptible monsters within range! (Use Z to cast anyway.) Unknown command.
Unknown command.
Casting: Stone Arrow (dangerous; 3% risk of failure)
Confirm with . or Enter, or press ? or * to list all spells.
Okay, then.
Casting: Stone Arrow (dangerous; 3% risk of failure)
Confirm with . or Enter, or press ? or * to list all spells.
Aiming: Stone Arrow (dangerous; 3% risk of failure)
Press: ? - help, Shift-Dir - straight line, f - steam dragon
Aim: a steam dragon (71% to hit)
The stone arrow hits the steam dragon!
The steam dragon is moderately wounded.
The steam dragon breathes steam at you. The ball of steam hits you!!
You are engulfed in a cloud of scalding steam.
Unknown command.
Casting: Stone Arrow (dangerous; 3% risk of failure)
Confirm with . or Enter, or press ? or * to list all spells.
Aiming: Stone Arrow (dangerous; 3% risk of failure)
Press: ? - help, Shift-Dir - straight line, f/p - steam dragon
Aim: a steam dragon (moderately wounded, catching its breath, 71% to hit)
The stone arrow hits the steam dragon.
The steam dragon is moderately wounded.
Unknown command.
Casting: Stone Arrow (dangerous; 3% risk of failure)
Confirm with . or Enter, or press ? or * to list all spells.
Aiming: Stone Arrow (dangerous; 3% risk of failure)
Press: ? - help, Shift-Dir - straight line, f/p - steam dragon
Aim: a steam dragon (moderately wounded, 71% to hit)
The stone arrow misses the steam dragon.
The steam dragon breathes steam at you. The ball of steam hits you!!
You die...

#.#
#...#.....###.
#.#
#...#.....####
#.#
#...#.........
#.#
#...##....####
#§#
#...##....# #
#.#
#...####### #
#D# #...# #
##§#####'## #
#..@.....#
##########


You could see a steam dragon (catching breath).

Vanquished Creatures
  Sigmund (D:3)
  Eustachio (D:5)
  An orc warrior (D:5)
  An ice beast (D:6)
  An ogre (D:4)
  2 scorpions
  A bullfrog (D:4)
  A bullfrog zombie (D:5)
  2 centaur skeletons (D:6)
  A hound (D:5)
  2 bullfrog skeletons (D:5)
  2 iguanas
  An orc wizard (D:5)
  4 adders
  3 ufetubi
  3 worms
  A dart slug (D:4)
  8 orcs
  9 ball pythons
  5 bats
  6 endoplasms
  2 giant cockroaches
  9 goblins
  12 hobgoblins
  12 jackals
  3 quokkas
  5 frilled lizards
  11 kobolds
  9 rats
119 creatures vanquished.

Vanquished Creatures (others)
  6 plants (D:3)
6 creatures vanquished.

Grand Total: 125 creatures vanquished

Notes
Turn   | Place    | Note
-------+----------+-------------------------------------------
     0 | D:1      | vjj the Gargoyle Earth Elementalist began the quest for the
                  | Orb.
     0 | D:1      | Reached XP level 1. HP: 10/10 MP: 3/3
   283 | D:1      | Reached skill level 4 in Earth Magic
   283 | D:1      | Reached XP level 2. HP: 14/15 MP: 3/5
   781 | D:1      | Reached XP level 3. HP: 19/19 MP: 6/6
  1925 | D:2      | Reached XP level 4. HP: 20/24 MP: 5/8
  2268 | D:2      | Reached skill level 5 in Earth Magic
  2759 | D:3      | Noticed Sigmund
  2763 | D:3      | Killed Sigmund
  2764 | D:3      | Reached skill level 6 in Earth Magic
  2764 | D:3      | Reached XP level 5. HP: 15/28 MP: 5/11
  2764 | D:3      | Reached XP level 6. HP: 18/32 MP: 5/12
  3236 | D:3      | Found a faded altar of an unknown god.
  3495 | D:3      | Learned a level 3 spell: Stone Arrow
  3501 | D:3      | Learned a level 5 spell: Lee's Rapid Deconstruction
  4037 | D:4      | Found Guac's Jewellery Shoppe.
  4215 | D:4      | Identified the +1 trident of the Hidden Tusks {speed, rN+}
  4480 | D:4      | Reached XP level 7. HP: 34/36 MP: 11/13
  4929 | D:5      | Entered Level 5 of the Dungeon
  5388 | D:5      | Noticed Eustachio
  5407 | D:5      | Reached skill level 7 in Earth Magic
  5435 | D:5      | Killed Eustachio
  5436 | D:5      | Reached skill level 5 in Spellcasting
  5436 | D:5      | Reached skill level 5 in Conjurations
  5436 | D:5      | Reached XP level 8. HP: 22/41 MP: 0/15
  5610 | D:5      | Found Zin's Purification Station.
  5617 | D:5      | Found a glowing silver altar of Zin.
  5620 | D:5      | Bought a potion of curing for 90 gold pieces
  5892 | D:6      | Found Hucymome's Assorted Antiques.
  5900 | D:6      | Bought a scroll labelled EXAUSU BAOTU for 26 gold pieces
  5904 | D:6      | Found Veanyej's Armour Boutique.
  5916 | D:6      | Reached skill level 1 in Armour
  5917 | D:6      | Reached skill level 1 in Fighting
  6009 | D:6      | Killed from afar by a steam dragon

Illustrated notes

Levels and vault maps discovered:
D:1:      dpeg_arrival_morbid_curiosity, layout_loops_ring, minmay_tetromino_l4
D:2:      layout_loops_ring, grunt_decor_mini_mirrors
D:3:      cheibrodos_old_hovel, layout_loops_ring,
          hellmonk_ecumenical_altar_heavens_door, grunt_ministairs_8,
          uniq_sigmund
D:4:      minmay_chambers_of_twos, layout_loops_ring, serial_shops,
          nicolae_shop_statue_plus
D:5:      layout_rooms, zin_purify, uniq_eustachio
D:6:      layout_basic, serial_shops, shop, nicolae_shop_trees, shop,
          ebering_ghost_reflecting_pool, minmay_hedge_maze

Skill      XL: |  1  2  3  4  5  6  7  8 |
---------------+-------------------------+-----
Earth Magic    | 4 6 7 |  7.5
Spellcasting   | 3 4 5 |  5.4
Conjurations   | 3 5 |  5.3
Armour         | 1 |  1.0
Fighting       | 1 |  1.0
Maces & Flails | |  0.7
Dodging        | |  1.8
Stealth        | |  2.1
Transmutations | |  0.7
Evocations     | |  0.6

Action                   |  1- 3 |  4- 6 |  7- 9 || total
-------------------------+-------+-------+-------++-------
Melee: Mace              |    29 |       |       ||    29
       Short sword       |    77 |   125 |    47 ||   249
       Trident           |       |    24 |    34 ||    58
       Rapier            |       |       |    36 ||    36
 Cast: Sandblast         |    26 |    12 |     6 ||    44
       Stone Arrow       |       |     1 |    14 ||    15
       Lee's Rapid Decon |       |       |     1 ||     1
  Use: Scroll            |       |     8 |     6 ||    14
 Stab: Sleeping          |       |     5 |     2 ||     7
Armor: Robe              |    66 |    36 |    32 ||   134
Dodge: Dodged            |    82 |   104 |   121 ||   307

Table legend: (Time is in decaauts)
 A = Elapsed time spent in this place.
 B = Non-inter-level travel time spent in this place.
 C = Inter-level travel time spent in this place.
 D = Time resting spent in this place.
 E = Time spent auto-exploring this place.
 F = Levels seen in this place.
 G = Mean time per level.
                   A        B        C        D        E       F      G
               +--------+--------+--------+--------+--------+-----+--------+
         Total |   6040 |   5966 |     74 |   1043 |   3844 |   6 | 1006.7 |
       Dungeon |   6040 |   5966 |     74 |   1043 |   3844 |   6 | 1006.7 |
               +--------+--------+--------+--------+--------+-----+--------+

Top non-repeatable levels by time:
     D:1: 1822 daAuts
     D:4: 1459 daAuts
     D:3: 930 daAuts
     D:5: 834 daAuts
     D:2: 779 daAuts
     D:6: 213 daAuts
